 Dungeon Crawl Stone Soup version 0.21.0 (webtiles) character file.

58 Hekarica the Magician (level 3, -3/24 HPs)
             Began as a Mummy Fire Elementalist on May 25, 2018.
             Slain by a worm (5 damage)
             ... on level 2 of the Dungeon.
             The game lasted 00:07:16 (2181 turns).

Hekarica the Magician (Mummy Fire Elementalist)     Turns: 2181, Time: 00:07:17

Health: -3/24      AC:  2    Str: 11    XL:     3   Next: 75%
Magic:  2/2        EV: 12    Int: 14    God:
Gold:   50         SH:  0    Dex: 13    Spells: 7/8 levels left

rFire    x . .     SeeInvis .   g - +2 dagger (antimagic)
rCold    + . .     Gourm    .   (no shield)
rNeg     + + +     Faith    .   a - +0 robe
rPois    ∞         Spirit   .   (no helmet)
rElec    .         Reflect  .   (no cloak)
rCorr    .         Harm     .   (no gloves)
MR       .....                  (no boots)
Stlth    ++........             (no amulet)
HPRegen  0.08/turn              (no ring)
MPRegen  0.08/turn              (no ring)

@: no status effects
A: no food or potions, fire vulnerability, cold resistance 1, negative energy
resistance 3, torment resistance, unbreathing
a: no special abilities


You were on level 2 of the Dungeon.
You were not hungry.

You visited 1 branch of the dungeon, and saw 2 of its levels.

You collected 50 gold pieces.

Inventory:

Hand Weapons
 g - a +2 antimagic dagger (weapon)
Armour
 a - a +0 robe (worn)
 h - a +2 cloak
Jewellery
 c - an uncursed amulet of regeneration {unknown}
Scrolls
 d - a scroll of enchant weapon {unknown}
 e - 6 scrolls of identify {unknown}
 f - a scroll of teleportation {unknown}
Books
 b - a book of Flames

   Spells                             Type                      Level
   a - Flame Tongue                   Conjuration/Fire             1
   b - Throw Flame                    Conjuration/Fire             2
   c - Conjure Flame                  Conjuration/Fire             3
   d - Inner Flame                    Hexes/Fire                   3
   e - Sticky Flame                   Conjuration/Fire             4
   f - Fireball                       Conjuration/Fire             5


   Skills:
 * Level 2.1 Dodging
 * Level 2.3 Stealth
 + Level 3.0 Spellcasting
 * Level 1.4 Conjurations
 * Level 2.8 Fire Magic


You had 7 spell levels left.
You knew the following spells:

 Your Spells              Type           Power        Failure   Level  Hunger
a - Flame Tongue          Conj/Fire      #....        9%          1    N/A

Dungeon Overview and Level Annotations

Branches:
Dungeon (2/15)

Altars:
Wu Jian


Innate Abilities, Weirdness & Mutations

You do not eat or drink.
Your flesh is vulnerable to fire.
You are immune to poison.
Your flesh is cold resistant. (rC+)
You are immune to negative energy. (rN+++)
You are immune to unholy pain and torment.
You can survive without breathing.


Message History

You barely miss the worm.
The worm is moderately wounded.
You hit the worm.
The worm is moderately wounded.
The worm bites you but does no damage.
You hit the worm.
The worm is heavily wounded.
You hit the worm but do no damage.
The worm is heavily wounded.
The worm bites you.
* * * LOW HITPOINT WARNING * * *
You barely miss the worm.
The worm is heavily wounded.
The worm barely misses you.
You hit the worm.
The worm is heavily wounded.
You hit the worm but do no damage.
The worm is heavily wounded.
The worm bites you.
You die...

#......#.#.#
#.......!..#
#..(.......#######
#................#
##.......#######.#
##.........# #.#
).....<....# #.#
############ #.#
#@# #w# ... .....
......# .....###
## ....... ###.
....#+.. .... ....


You could see a worm.

Vanquished Creatures
  An ooze (D:2)
  4 dart slugs (D:1)
  2 leopard geckos
  4 bats
  2 giant cockroaches
  2 goblins
  5 hobgoblins
  5 jackals (D:2)
  A ball python (D:1)
  A frilled lizard (D:1)
  9 kobolds
  4 rats
40 creatures vanquished.

Notes
Turn   | Place    | Note
-------+----------+-------------------------------------------
     0 | D:1      | Hekarica the Mummy Fire Elementalist began the quest for the Orb.
     0 | D:1      | Reached XP level 1. HP: 13/13 MP: 4/4
   170 | D:1      | Reached skill level 1 in Conjurations
   173 | D:1      | Reached XP level 2. HP: 8/19 MP: 0/5
  1097 | D:1      | Reached XP level 3. HP: 16/24 MP: 0/7
  1703 | D:2      | Found an ornate altar of the Wu Jian Council.
  1708 | D:2      | Reached skill level 3 in Spellcasting
  2178 | D:2      | HP: 1/24 [worm (2)]
  2181 | D:2      | Slain by a worm

Skill      XL: |  1  2  3 |
---------------+----------+-----
Conjurations   | 1 |  1.4
Stealth        | 2 |  2.3
Dodging        | 2 |  2.1
Spellcasting   | 3 |  3.0
Fire Magic     | |  2.8

Action                   || total
-------------------------++-------
Melee: Dagger            ||   143
       Unarmed           ||     3
 Cast: Flame Tongue      ||    24
 Stab: Sleeping          ||     2
Armor: Robe              ||    32
Dodge: Dodged            ||    94
